 Dungeon Crawl Stone Soup version 0.30-a0-1018-g25214051b3 (webtiles) character file.

Game seed: 14726649483023865851

5 protoss039 the Sneak (level 1, 0/14 HPs)
             Began as a Vampire Enchanter on Apr 7, 2023.
             Frozen to death by an endoplasm (4 damage)
             ... on level 1 of the Dungeon.
             The game lasted 00:00:32 (87 turns).

protoss039 the Sneak (Vampire Enchanter)              Turns: 87, Time: 00:00:33

Health: 0/14       AC:  2    Str:  7    XL:     1   Next: 66%
Magic:  3/3        EV: 12    Int: 17    God:
Gold:   0          SH:  5    Dex: 14    Spells: 4/4 levels left

rFire   . . .      SeeInvis +    a - +1 dagger
rCold   . . .      Faith    .    (no shield)
rNeg    . . .      Spirit   .    b - +0 robe
rPois   .          Reflect  +    (no helmet)
rElec   .          Rampage  .    (no cloak)
rCorr   +                        (no gloves)
Will    .....                    (no boots)
Stlth   +++                      d - amulet of reflection
HPRegen 0.42/turn                e - ring of resist corrosion
MPRegen 0.08/turn                (no ring)

@: healing quickly, invisible
A: alive, fangs 3, see invisible, vampiric 1
a: Exsanguinate


You were on level 1 of the Dungeon.
You visited 1 branch of the dungeon, and saw 1 of its levels.

Inventory:

Hand Weapons
 a - a +1 dagger (weapon)
Armour
 b - a +0 robe (worn)
Jewellery
 d - an amulet of reflection (around neck)
 e - a ring of resist corrosion (left hand)
Potions
 c - a potion of invisibility


   Skills:
 * Level 0.3 Fighting
 + Level 1.2 Short Blades
 + Level 2.2 Dodging
 * Level 4.6 Stealth
 + Level 2.0 Spellcasting
 + Level 4.4 Hexes


You had 4 spell levels left.
You didn't know any spells.
Your spell library contained the following spells:

 Spells                   Type           Power      Damage    Failure   Level
 Confusing Touch          Hex            16%        N/A       10%         3
 Tukima's Dance           Hex            16%        N/A       10%         3
 Ensorcelled Hibernation  Hex/Ice        18%        N/A       12%         2
 Dazzling Flash           Conj/Hex       18%        N/A       24%         3


Dungeon Overview and Level Annotations

Branches:
Dungeon (1/15) Zot: 5914

Altars:

Shops:
D:1 !


Innate Abilities, Weirdness & Mutations

Your natural rate of healing is accelerated.
You have razor-sharp teeth.
You have supernaturally acute eyesight. (SInv)
You are afflicted with vampirism.


Message History

The jackal barely misses you. The jackal bites you.
* * * LOW HITPOINT WARNING * * *
Unknown command.
You hit the jackal but do no damage. Your bite misses the jackal.
Unknown command.
You hit the jackal.
The jackal is heavily wounded.
The jackal barely misses you.
Unknown command.
You hit the jackal but do no damage.
The jackal is heavily wounded.
The jackal barely misses you. The jackal closely misses you.
Unknown command.
You barely miss the jackal.
The jackal is heavily wounded.
An endoplasm comes into view.
The jackal bites you.
* * * LOW HITPOINT WARNING * * *
Unknown command.
You catch the helpless jackal completely off-guard!
You puncture the jackal!
You kill the jackal!
Unknown command.
You hit the jackal but do no damage. The jackal barely misses you. x2
You barely miss the jackal. The jackal misses you.
Things that are here:
a jackal corpse; a jackal corpse You block the jackal's attack.
You hit the jackal.
The jackal is severely wounded.
The jackal bites you.
* * * LOW HITPOINT WARNING * * *
You hit the jackal.
You kill the jackal!
You hit the endoplasm.
The endoplasm is lightly wounded.
The endoplasm freezes you.
You are frozen.
You die...

##.. ....? #... #...###
#.....## #......###
###.....h..# .........#J#
### ### ##h8##.##@# ##.##
##.##
###..##)##.#####...###...##
..8.∩>8.##....'..<.'.'....#
..##.##.##..####...#'#...##
#8........# ##.##.##.##
#..####.### ##'##.##'## #..
#.# ##.##...##.## ## #.#
#.##.(...##.# #.#
##'.......'##


You could see an endoplasm.

Vanquished Creatures
  3 jackals (D:1)
  A kobold (D:1)
  A rat (D:1)
5 creatures vanquished.

Notes
Turn   | Place    | Note
-------+----------+-------------------------------------------
     0 | D:1      | protoss039 the Vampire Enchanter began the quest for the
                  | Orb.
     0 | D:1      | Reached XP level 1. HP: 13/13 MP: 3/3
    47 | D:1      | Found Zygo Kue's Distillery.
    87 | D:1      | Frozen to death by an endoplasm

Illustrated notes

Levels and vault maps discovered:
D:1:      dpeg_arrival_rhombi, layout_loops_ring, serial_forest,
          infiniplex_forest_lined_4_way, infiniplex_forest_lined_3_way,
          infiniplex_forest_clump_long, infiniplex_forest_clump_long,
          infiniplex_forest_straight_3, infiniplex_forest_clump_small,
          serial_shops, nicolae_shop_stone, nicolae_square_shop,
          nicolae_shop_statue_plus, shop

Action                     || total
---------------------------++-------
  Melee: Dagger            ||    22
         Bite              ||     1
    Use: Potion            ||     1
   Stab: Invisible         ||     1
 Armour: Robe              ||     3
  Dodge: Dodged            ||    19
  Block: Other             ||     1

Table legend: (Time is in decaauts)
 A = Elapsed time spent in this place.
 B = Non-inter-level travel time spent in this place.
 C = Inter-level travel time spent in this place.
 D = Time resting spent in this place.
 E = Time spent auto-exploring this place.
 F = Levels seen in this place.
 G = Mean time per level.
                   A        B        C        D        E       F      G
               +--------+--------+--------+--------+--------+-----+--------+
         Total |     85 |     85 |      0 |      0 |     42 |   1 |   85.0 |
       Dungeon |     85 |     85 |      0 |      0 |     42 |   1 |   85.0 |
               +--------+--------+--------+--------+--------+-----+--------+

Top non-repeatable levels by time:
     D:1: 85 daAuts
